 Dungeon Crawl Stone Soup version 0.16-a0-2710-g8b41a68 (webtiles) character file.

69 Johnny the Gusty (level 3, 0/27 HPs)
             Began as a Demigod Air Elementalist on Nov 26, 2014.
             Succumbed to an adder's poison
             ... on level 3 of the Dungeon.
             The game lasted 00:04:47 (3668 turns).

Johnny the Gusty (Demigod Air Elementalist)         Turns: 3668, Time: 00:04:47

Health: 0/27       AC:  4    Str: 13    XL:     3   Next: 75%
Magic:  1/7        EV: 17    Int: 19    God:
Gold:   108        SH:  0    Dex: 23    Spells: 2 memorised, 1 level left

rFire  . . .     SeeInvis .     k - +0 spear
rCold  . . .     Clarity  .     t - +0 leather armour
rNeg   . . .     SustAb   +     (no shield)
rPois  .         Gourm    .     (no helmet)
rElec  .         Spirit   .     (no cloak)
rCorr  +         Warding  .     (no gloves)
rMut   .         Stasis   .     v - +0 pair of boots
MR     +....                    u - amulet of resist corrosion
Stlth  +++.......               (no ring)
                                r - ring of protection from magic

@: agile, lethally poisoned, flying, invisible, somewhat resistant to hostile
enchantments, fairly stealthy
A: strong 1, sustain abilities
a: no special abilities


You were on level 3 of the Dungeon.
You were hungry.

You visited 1 branch of the dungeon, and saw 3 of its levels.

You collected 108 gold pieces.

Inventory:

Hand weapons
 g - a +0 dagger
 k - a +0 spear (weapon)
Missiles
 q - 2 tomahawks of returning (quivered)
Armour
 a - a +0 robe
 m - a cursed -1 ring mail
 t - a +0 leather armour (worn)
 v - a +0 pair of boots (worn)
Jewellery
 r - a ring of protection from magic (left hand)
 u - an amulet of resist corrosion (around neck)
Scrolls
 d - a scroll of fog {unknown}
 h - a scroll of enchant weapon {unknown}
 l - 2 scrolls of identify {unknown}
 o - 2 scrolls of remove curse {unknown}
 p - a scroll of enchant armour {unknown}
 s - 3 scrolls of random uselessness {unknown}
Books
 b - a book of Air

   Spells                             Type                      Level
   *Shock                             Conjuration/Air              1
   Swiftness                          Charms/Air                   2
   Repel Missiles                     Charms/Air                   2
   Flight                             Charms/Air                   3
   *Static Discharge                  Conjuration/Air              3
   Lightning Bolt                     Conjuration/Air              5
Comestibles
 c - 2 bread rations
 f - 3 meat rations
 j - a slice of pizza


   Skills:
 + Level 0.3 Fighting
 + Level 0.3 Polearms
 + Level 0.3 Armour
 + Level 2.0 Dodging
 + Level 2.4 Stealth
 + Level 1.9 Spellcasting
 * Level 2.1 Conjurations
 * Level 3.0 Air Magic


You had one spell level left.
You knew the following spells:

 Your Spells              Type           Power        Failure   Level  Hunger
a - Shock                 Conj/Air       ##..         8%          1    #......
b - Static Discharge      Conj/Air       ##......     17%         3    ###....


Dungeon Overview and Level Annotations

Branches:
Dungeon (3/15)


Innate Abilities, Weirdness & Mutations

Your attributes are resistant to harm.
Your muscles are strong. (Str +2)


Message History

You feel very buoyant.
You fly up into the air.
It was a potion of flight.
The adder bites you but does no damage. The adder bites you.
* * * LOW HITPOINT WARNING * * *
Unknown command.
Drink which item? (? for menu, Esc to quit)
You feel agile all of a sudden.
It was a potion of agility.
* * * LOW HITPOINT WARNING * * *
You feel sick. The adder completely misses you.
Unknown command.
Drink which item? (? for menu, Esc to quit)
You feel stronger.
You feel fantastic!
It was a potion of beneficial mutation.
The adder closely misses you.
Unknown command.
Drink which item? (? for menu, Esc to quit)
You fade into invisibility!
It was a potion of invisibility.
You die...

#..# . #..# .#
#..# .#
###########..# .#
.............# .#
...####.####.# .#
#.# #<# .#
#.####.####S#
#.........@.####.#
######..(........#
#############


You could see an adder.

Vanquished Creatures
  3 adders (D:2)
  A worm (D:2)
  A giant gecko (D:2)
  A giant cockroach (D:1)
  5 hobgoblins
  3 jackals (D:1)
  4 bats
  A giant newt (D:2)
  4 goblins (D:1)
  4 kobolds
  A quokka (D:2)
  8 rats
36 creatures vanquished.

Notes
Turn   | Place    | Note
--------------------------------------------------------------
     0 | D:1      | Johnny, the Demigod Air Elementalist, began the quest for the Orb.
     0 | D:1      | Reached XP level 1. HP: 14/14 MP: 3/3
    70 | D:1      | Reached skill level 1 in Conjurations
   849 | D:1      | Reached XP level 2. HP: 20/20 MP: 0/4
  1996 | D:2      | Reached XP level 3. HP: 24/26 MP: 0/7
  2269 | D:2      | Reached skill level 3 in Air Magic
  2325 | D:2      | Learned a level 3 spell: Static Discharge
  3666 | D:3      | HP: 1/27 [poisoned by an adder]
  3667 | D:3      | Gained mutation: Your muscles are strong. (Str +2) [potion of beneficial mutation]
  3668 | D:3      | Succumbed to an adder's poison

Action                   || total
-------------------------++-------
Melee: Dagger            ||     8
       Unarmed           ||     3
       Spear             ||    55
Throw: Tomahawk          ||     2
 Cast: Shock             ||    54
       Static Discharge  ||     5
  Use: Potion            ||     4
 Stab: Sleeping          ||     2
  Eat: Chunk             ||     9
